 Dungeon Crawl Stone Soup version 0.31.0-32-g396128a36d (webtiles) character file.

Game seed: 12623772987452418227

47 belegose the Trooper (level 3, 0/33 HPs)
             Began as a Minotaur Monk on Apr 24, 2024.
             Slain by a gnoll
             ... wielding a +0 halberd
              (8 damage)
             ... on level 2 of the Dungeon.
             The game lasted 00:03:00 (1090 turns).

belegose the Trooper (Minotaur Monk)                Turns: 1090, Time: 00:03:01

Health: 0/33       AC:  8    Str: 17    XL:     3   Next: 48%
Magic:  2/2        EV:  8    Int:  7    God:
Gold:   58         SH:  0    Dex: 12    Spells: 2/2 levels left

rFire   . . .        a - +0 falchion
rCold   . . .        d - orb {light}
rNeg    . . .        m - +0 chain mail
rPois   .            (helmet restricted)
rElec   .            (no cloak)
rCorr   .            (no gloves)
SInv    .            (no boots)
Will    .....        (no amulet) Stlth
                     (no ring)
HPRegen 0.25/turn    (no ring)
MPRegen 0.08/turn

%: no passive effects
@: glowing
A: horns 2, retaliatory headbutt
a: no special abilities


You were on level 2 of the Dungeon.
You visited 1 branch of the dungeon, and saw 2 of its levels.

You collected 58 gold pieces.

Inventory:

Hand Weapons
 a - a +0 falchion (weapon)
Missiles
 h - 2 poisoned darts (quivered)
 k - 6 javelins
 l - 16 stones
 p - a throwing net
Armour
 d - an orb of light (worn)
 m - a +0 chain mail (worn)
Scrolls
 b - a scroll of blinking {unknown}
 e - a scroll of enchant weapon {unknown}
 g - a scroll of enchant armour {unknown}
 j - 3 scrolls of identify {unknown}
 n - a scroll of vulnerability {unknown}
Potions
 c - a potion of ambrosia
 f - a potion of brilliance {unknown}
 i - a potion of magic {unknown}
 o - a potion of heal wounds {unknown}


   Skills:
 + Level 4.2 Fighting
 + Level 4.2 Long Blades
 + Level 0.9 Throwing
 + Level 3.8 Dodging


You had 2 spell levels left.
You didn't know any spells.
Your spell library contained the following spells:

 Spells                   Type           Power      Damage    Failure   Level
 Manifold Assault         Tloc           0%         N/A       100%        4
 Dispersal                Tloc           0%         N/A       100%        6
 Disjunction              Tloc           0%         N/A       100%        8


Dungeon Overview and Level Annotations

Branches:
Dungeon (2/15)

Altars:


Innate Abilities, Weirdness & Mutations

You have a pair of horns on your head.
You reflexively headbutt those who attack you in melee.


Message History

The dart slug launches a dart at you. The slug dart misses you.
You hit the dart slug.
The dart slug is almost dead.
The dart slug bites you but does no damage.
You hit the dart slug.
You kill the dart slug!
A hobgoblin comes into view.
The hobgoblin shouts!
The hobgoblin misses you. You furiously retaliate!
You headbutt the hobgoblin.
You kill the hobgoblin!
Found a stone staircase leading down.
The gnoll shouts!
A gnoll is nearby!
The gnoll hits you but does no damage.
You hit the gnoll.
The gnoll is moderately wounded.
The gnoll barely misses you.
You hit the gnoll.
The gnoll is heavily wounded.
The gnoll closely misses you.
The gnoll shouts!
You hit the gnoll but do no damage.
The gnoll is heavily wounded.
The gnoll hits you with a +0 spear. x2
You hit the gnoll.
You kill the gnoll!
The gnoll attacks as it pursues you!
The gnoll hits you from afar with a +0 halberd.
The gnoll hits you with a +0 halberd!
* * * LOW HITPOINT WARNING * * *
You hit the gnoll.
The gnoll is moderately wounded.
The gnoll hits you with a +0 halberd.
* * * LOW HITPOINT WARNING * * *
You hit the gnoll.
You headbutt the gnoll, but do no damage.
The gnoll is heavily wounded.
The gnoll hits you with a +0 halberd!
You die...

#.# #.#.. #.# ###....#
###.###.#.# #....# #....>..
..........# ##.#.#.###.#...##
....# #.#.# ##..#.##.##.##.##
#.#.###.#.## #...........$..#
#.#........# #...#.##)##.##.#
#.#..####..# #.#.#.#.###.# #
#.#..####[.#####.#.........##.
#.#...........†.@g............
#.##.####.######.####.........
#.##.# #.# #.# ##########
...#.####.######.#
...............#
################


You could see a gnoll.

Vanquished Creatures
  2 gnolls
  A dart slug (D:2)
  4 ball pythons
  2 endoplasms (D:1)
  2 giant cockroaches (D:1)
  3 goblins (D:1)
  3 hobgoblins
  A bat (D:1)
  2 frilled lizards (D:1)
  5 kobolds (D:1)
  3 rats
28 creatures vanquished.

Notes
Turn   | Place    | Note
-------+----------+-------------------------------------------
     0 | D:1      | belegose the Minotaur Monk began the quest for the Orb.
     0 | D:1      | Reached XP level 1. HP: 19/19 MP: 0/0
   176 | D:1      | Reached XP level 2. HP: 25/27 MP: 1/1
   698 | D:1      | Found a faded altar of an unknown god.
   941 | D:1      | Reached XP level 3. HP: 18/33 MP: 2/2
  1090 | D:2      | Slain by a gnoll

Illustrated notes

Levels and vault maps discovered:
D:1:      minmay_arrival_four_houses, layout_basic,
          shapermc_ecumenical_altar_mp_vishouse
D:2:      layout_loops_ring, basic_altar, kennysheep_generic_room_8

Skill      XL: |  1  2 |
---------------+-------+-----
Fighting       | 4 |  4.2
Long Blades    | 4 |  4.2
Throwing       | |  0.9
Dodging        | |  3.8

Action                     || total
---------------------------++-------
  Melee: Falchion          ||    55
         Headbutt          ||     7
 Armour: Robe              ||    14
         Chain mail        ||    31
  Dodge: Dodged            ||    21
